 Dungeon Crawl Stone Soup version 0.30.1-4-g462c640d31 (webtiles) character file.

Game seed: 6627649527075549739

3392 SUSANBROWN the Cleaver (level 9, -10/124 HPs)
             Began as a Minotaur Berserker on Sept 1, 2023.
             Was an Elder of Trog.
             Mangled by an orc warrior
             ... wielding a +0 halberd
              (14 damage)
             ... in a bailey.
             The game lasted 00:10:09 (6693 turns).

SUSANBROWN the Cleaver (Minotaur Berserker)         Turns: 6693, Time: 00:10:10

Health: -10/124    AC: 17    Str: 27 (28) XL:     9   Next: 75%
Magic:  2/2        EV: 11    Int:  1 (4)  God:    Trog [****..]
Gold:   547        SH:  5    Dex: 10      Spells: 8/8 levels left

rFire   x . .        v - +3 war axe of Isulak {antimagic, *Corrode rElec rC++ Stlth+}
rCold   + + +        m - +0 buckler
rNeg    + . .        s - +1 chain mail
rPois   +            (helmet restricted)
rElec   +            l - +0 cloak
rCorr   .            y - +3 pair of gauntlets of War {Slay+5}
SInv    +            z - +2 pair of boots
Will    ++...        A - amulet of faith Stlth
                     c - ring of positive energy
HPRegen 1.40/turn    x - ring of Tender Moments {Ice rElec rPois Str+2 SInv}
MPRegen 0.08/turn

%: corrode self (3%), faith
@: mighty, berserking, strong-willed, corroded, regenerating, very quick
A: horns 2, retaliatory headbutt
a: Renounce Religion, Berserk, Trog's Hand, Brothers in Arms


You were in a bailey.
You worshipped Trog.
Trog was greatly pleased with you.
You visited 1 branch of the dungeon, and saw 8 of its levels.
You also visited: Bailey.

You collected 547 gold pieces.

Inventory:

Hand Weapons
 v - the +3 war axe of Isulak (weapon) {antimagic, *Corrode rElec rC++ Stlth+}
   (You found it on level 5 of the Dungeon)

   rC:        It greatly protects you from cold.
   rElec:     It insulates you from electricity.
   *Corrode:  It may corrode you when you take damage.
   Stlth:     It makes you more stealthy.
 B - a +0 halberd
Armour
 l - a +0 cloak (worn)
 m - a +0 buckler (worn)
 s - a +1 chain mail (worn)
 y - the +3 pair of gauntlets of War (worn) {Slay+5}
   (You acquired it on level 7 of the Dungeon)

   Slay:      It affects your accuracy & damage with ranged weapons and melee
   (+5).
 z - a +2 pair of boots (worn)
Jewellery
 c - a ring of positive energy (left hand)
 x - the ring of Tender Moments (right hand) {Ice rElec rPois Str+2 SInv}
   (You found it on level 4 of the Dungeon)

   [ring of ice]

   It enhances your ice magic.
   Str:       It affects your strength (+2).
   rF:        It makes you vulnerable to fire.
   rC:        It protects you from cold.
   rElec:     It insulates you from electricity.
   rPois:     It protects you from poison.
   SInv:      It lets you see invisible.
 A - an amulet of faith (around neck)
Wands
 p - a wand of quicksilver (4)
 w - a wand of roots (10)
Scrolls
 a - a scroll of enchant weapon
 e - 3 scrolls of fog
 h - 2 scrolls of enchant armour
 i - 2 scrolls of teleportation
 o - 2 scrolls of immolation
 u - a scroll of identify
 D - 3 scrolls of fear
Potions
 b - 3 potions of cancellation
 d - 5 potions of curing
 f - 2 potions of flight
 g - 2 potions of attraction
 j - 3 potions of brilliance
 k - 2 potions of might
 n - a potion of invisibility
 q - 3 potions of heal wounds
 r - a potion of ambrosia
 t - a potion of resistance
 C - a potion of haste {unknown}
 E - 2 potions of mutation
 F - a potion of magic {unknown}


   Skills:
 * Level 9.1 Fighting
 * Level 10.5 Axes
 * Level 8.3 Armour
 * Level 7.4 Dodging
 - Level 6.3 Shields
 + Level 4.7 Evocations


You had 8 spell levels left.
You didn't know any spells.
Your spell library was empty.

Dungeon Overview and Level Annotations

Branches:
Dungeon (8/15)             Temple (0/1) D:5          Bailey (1/1)
   Lair: D:8-11

Altars:
Dithmenos
Fedhas
Hepliaklqana
Kikubaaqudgha
Nemelex Xobeh
Uskayaw
The Shining One

Shops:
D:1 !


Innate Abilities, Weirdness & Mutations

You have a pair of horns on your head.
You reflexively headbutt those who attack you in melee.


Message History

Unknown command.
You closely miss the orc knight. You hit the orc warrior. You slice the orc!!
You kill the orc!
Trog accepts your kill.
You slice the orc knight!!
You headbutt the orc knight, but do no damage.
The orc knight is moderately wounded.
You hit the orc warrior. The orc barely misses you.
The orc knight hits you with a +0 trident!
* * * LOW HITPOINT WARNING * * *
The orc warrior hits you with a +0 spear.
* * * LOW HITPOINT WARNING * * *
You block the orc warrior's attack.
You hit the orc knight but do no damage.
The orc knight is moderately wounded.
You slash the orc warrior!
The orc hits you from afar with a +0 spear!
* * * LOW HITPOINT WARNING * * *
The orc knight barely misses you. The orc warrior barely misses you.
The orc warrior closely misses you.
You slash the orc knight!
The orc knight is heavily wounded.
You hit the orc warrior. The orc barely misses you.
The orc knight hits you but does no damage.
The orc warrior hits you with a +0 spear!
* * * LOW HITPOINT WARNING * * *
The orc warrior hits you from afar with a +0 halberd.
* * * LOW HITPOINT WARNING * * *
You slice the orc knight!!
You headbutt the orc knight, but do no damage.
The orc knight is almost dead.
You slice the orc warrior!!
You kill the orc warrior!
Trog accepts your kill.
You slash the orc knight!
You kill the orc knight!
Trog accepts your kill. The orc closely misses you.
The orc warrior hits you from afar with a +0 halberd!
You die...

####### #######
#.....#########.....###.
.......#.....#.o.....'..
..##...'.....)o)#....'..
..8....'.....'..@)...'..
..##...'..!!.)))#....'..
.......#.....#.......'..
#.....#########.....###.
####### #######


You could see an orc warrior (strong) and an orc (strong).

Vanquished Creatures
  An orc knight (Bailey)
  A black bear (D:3)
  5 orc warriors
  2 ice beasts
  A sky beast (D:6)
  2 ogres
  3 centaurs
  A phantom (D:4)
  2 bullfrogs
  A scorpion (D:5)
  3 wights (D:7)
  2 electric eels (D:6)
  2 orc priests
  2 gnoll boudas
  7 hounds
  Terence (D:3)
  A sleepcap (D:6)
  3 iguanas (D:5)
  4 orc wizards
  10 gnolls
  7 adders
  A shadow imp (D:6)
  3 dart slugs
  28 orcs
  3 endoplasms
  5 giant cockroaches
  13 hobgoblins
  6 jackals
  3 quokkas
  7 ball pythons
  5 bats
  A frilled lizard (D:3)
  7 goblins
  8 kobolds
  7 rats
158 creatures vanquished.

Notes
Turn   | Place    | Note
-------+----------+-------------------------------------------
     0 | D:1      | SUSANBROWN the Minotaur Berserker began the quest for the
                  | Orb.
     0 | D:1      | Reached XP level 1. HP: 19/19 MP: 0/0
   217 | D:1      | Reached XP level 2. HP: 26/27 MP: 1/1
   404 | D:1      | Found Xakiygigu's Distillery.
   778 | D:2      | Found a faded altar of an unknown god.
   801 | D:2      | Reached skill level 4 in Axes
   897 | D:2      | Reached XP level 3. HP: 19/33 MP: 2/2
  1115 | D:2      | Reached ** piety under Trog
  1236 | D:2      | Reached XP level 4. HP: 41/41 MP: 3/3
  2160 | D:3      | Reached skill level 1 in Shields
  2160 | D:3      | Reached XP level 5. HP: 47/47 MP: 4/4
  2227 | D:3      | Noticed Terence
  2237 | D:3      | Killed Terence
  2404 | D:3      | Noticed a black bear
  2417 | D:3      | Killed a black bear
  2418 | D:3      | Reached skill level 5 in Fighting
  2418 | D:3      | Reached skill level 5 in Axes
  2418 | D:3      | Reached XP level 6. HP: 56/56 MP: 5/5
  3027 | D:4      | Found a hazy altar of Hepliaklqana.
  3101 | D:4      | Found a shadowy altar of Dithmenos.
  3277 | D:4      | Identified the ring of Tender Moments {Ice rElec rPois
                  | Str+2 SInv}
  3319 | D:4      | Reached XP level 7. HP: 53/61 MP: 6/6
  3460 | D:5      | Entered Level 5 of the Dungeon
  3525 | D:5      | Reached skill level 1 in Evocations
  3534 | D:5      | Found a hide-covered altar of Uskayaw.
  3760 | D:5      | Found a staircase to the Ecumenical Temple.
  3777 | D:5      | Found a glowing golden altar of the Shining One.
  4121 | D:5      | Reached skill level 6 in Axes
  4121 | D:5      | Reached skill level 5 in Armour
  4288 | D:5      | Reached skill level 9 in Axes
  4288 | D:5      | Reached XP level 8. HP: 44/75 MP: 7/7
  4486 | D:5      | Found an ancient bone altar of Kikubaaqudgha.
  4594 | D:5      | Identified the +3 war axe of Isulak {antimagic, *Corrode
                  | rElec rC++ Stlth+}
  4727 | D:6      | Reached *** piety under Trog
  4809 | D:6      | Reached skill level 10 in Axes
  4881 | D:6      | Reached XP level 9. HP: 78/82 MP: 2/8
  5274 | D:6      | Found a blossoming altar of Fedhas.
  6403 | D:7      | Identified a scroll of acquirement
  6403 | D:7      | Acquired the +3 pair of gauntlets of War {Slay+5}
  6403 | D:7      | Found the +3 pair of gauntlets of War {Slay+5}
  6455 | D:8      | Found a sparkling altar of Nemelex Xobeh.
  6535 | D:8      | Found a flagged portal.
  6539 | D:8      | Reached **** piety under Trog
  6547 | Bailey   | Entered a bailey
  6677 | Bailey   | Noticed an orc knight
  6691 | Bailey   | HP: 3/124 [orc warrior/+0 spear (10)]
  6693 | Bailey   | Killed an orc knight
  6693 | Bailey   | Mangled by an orc warrior

Illustrated notes

Levels and vault maps discovered:
D:1:      tarquinn_simple_flora_water_b, layout_loops_cross, serial_shops, shop
D:2:      layout_basic, shapermc_ecumenical_altar_rom_forum, grunt_ministairs_6
D:3:      layout_basic, serial_forest, infiniplex_forest_end_2,
          infiniplex_forest_clump_cross, infiniplex_forest_clump_medium,
          infiniplex_forest_lined_2, infiniplex_forest_clump_small,
          infiniplex_forest_lined_room_2, infiniplex_forest_clump_C,
          infiniplex_forest_diagonal, infiniplex_forest_clump_medium,
          dk_noncrumbling_4, uniq_terence
D:4:      layout_rooms, mainiacjoe_overflow_six_doors_small,
          kennysheep_mini_moat
D:5:      layout_loops_ring, marbit_many_paths, kiku_gazebo_garden_becter,
          mainiacjoe_overflow_small_starburst, minmay_temple_entry_trees
D:6:      layout_basic, nicolae_overflow_crystal_walls, minivault_14
D:7:      layout_basic, minivault_22
D:8:      layout_cave_pods, nemelex_diamond_rough_becter, grunt_qazlal_clouds,
          enter_bailey_4, kennysheep_windowed_goal, uniq_gastronok
Bailey:   bailey_polearm_5, bailey

Skill      XL: |  1  2  3  4  5  6  7  8  9 |
---------------+----------------------------+-----
Fighting       | 4 5 8 9 |  9.1
Axes           | 4 5 9 10 | 10.5
Armour         | 3 4 7 8 |  8.3
Dodging        | 3 4 6 7 |  7.4
Shields        | 1 2 6 |  6.3
Evocations     | 4 |  4.7

Action                     |  1- 3 |  4- 6 |  7- 9 || total
---------------------------+-------+-------+-------++-------
  Melee: Hand axe          |    76 |   109 |    79 ||   264
         Headbutt          |    11 |    15 |    38 ||    64
         War axe           |       |       |   112 ||   112
 Invoke: Berserk           |     1 |     3 |     3 ||     7
         Trog's Hand       |       |     1 |     1 ||     2
    Use: Scroll            |       |     9 |    15 ||    24
         Potion            |       |       |     3 ||     3
 Armour: Animal skin       |    16 |       |       ||    16
         Scale mail        |       |    29 |       ||    29
         Chain mail        |       |    23 |   122 ||   145
  Dodge: Dodged            |    53 |    41 |   119 ||   213
  Block: Buckler           |       |    14 |    43 ||    57
